 Dungeon Sprint DCSS version 0.21-a0-72-gbbb65ab (webtiles) character file.

21594 Kidiri the Fighter (level 12, -2/115 HPs)
             Began as a Grey Draconian Transmuter on June 20, 2017.
             Was a High Priest of Wu Jian.
             Killed by divine providence
             ... invoked by a daeva
              (13 damage)
             ... in the Dungeon (Sprint VII: "The Pits").
             The game lasted 00:19:40 (2879 turns).

Kidiri the Fighter (Grey Draconian Transmuter)      Turns: 2879, Time: 00:19:40

Health: -2/115     AC: 16    Str: 19      XL:     12   Next: 55%
Magic:  0/30       EV: 19    Int: 15 (17) God:    Wu Jian [*****.]
Gold:   47         SH:  0    Dex: 13 (14) Spells: 6/34 levels left

rFire    + . .     SeeInvis .     - Unarmed
rCold    . . .     Gourm    .   (shield currently unavailable)
rNeg     . . .     Faith    .   (armour unavailable)
rPois    +         Spirit   .   (helmet restricted)
rElec    .         Reflect  .   (no cloak)
rCorr    .         Harm     .   (gloves currently unavailable)
MR       .....     NoTele   +   (no boots)
Stlth    ++........             (no amulet)
HPRegen  0.29/turn              x - ring of poison resistance
MPRegen  0.22/turn              r - +3 ring of protection

@: mighty, exhausted, blade hands, glowing, heavenly storm
A: walk through water, unfitting armour, blink, clever 1, fire resistance 1,
high mp 1, sense surroundings 1, unbreathing, cold-blooded, AC +13
a: End Transformation, Blink, Serpent's Lash, Heavenly Storm, Renounce Religion


You were in the Dungeon.
You worshipped Wu Jian.
Wu Jian was extremely pleased with you.
You were not hungry.
You had blades for hands.
You visited 1 branch You collected 47 gold pieces.

Inventory:

Missiles
 a - 12 arrows
Armour
 v - a +0 pair of gloves (melded)
 F - the scarf of Experimentation {*Contam rElec rF++ Dex+8}
   (You found it in the Dungeon)

   It affects your dexterity (+8).
   It greatly protects you from fire.
   It insulates you from electricity.
   It causes magical contamination when unequipped.
Jewellery
 q - a +3 ring of evasion
 r - a +3 ring of protection (right scythe-like blade)
 x - a ring of poison resistance (left scythe-like blade)
 B - an uncursed ring of positive energy
 D - the ring of the King {MP+9 Slay+6}
   (You found it in the Dungeon)

   [ring of magical power]

   It affects your accuracy and damage with ranged weapons and melee attacks
   (+6).
   It affects your magic capacity (+9).
 G - an uncursed ring of protection from cold
Scrolls
 i - 2 scrolls of blinking
 l - 6 scrolls of remove curse
 m - 5 scrolls of amnesia
 n - a scroll of summoning
 w - a scroll of recharging
 y - 5 scrolls of enchant weapon
 z - a scroll of fear
 A - a scroll of fog
Potions
 d - 9 potions of curing
 e - 14 potions of heal wounds
 f - 2 potions of haste
 g - 4 potions of magic
 j - a potion of mutation
 k - 2 potions of invisibility
 s - a potion of might
 t - 2 potions of resistance
 u - 2 potions of brilliance
Books
 b - a book of Changes

   Spells                             Type                      Level
   a - Beastly Appendage              Transmutation                1
   b - Sticks to Snakes               Transmutation                2
   c - Spider Form                    Transmutation/Poison         3
   d - Ice Form                       Ice/Transmutation            4
   e - Blade Hands                    Transmutation                5
 C - a book of Burglary

   Spells                             Type                      Level
   a - Swiftness                      Charms/Air                   2
   b - Passwall                       Transmutation/Earth          2
   c - Passage of Golubria            Translocation                4
   d - Lee's Rapid Deconstruction     Earth                        5
   e - Darkness                       Hexes                        6
   f - Invisibility                   Hexes                        6
Comestibles
 c - 10 bread rations
 o - 29 fruits
 p - 9 meat rations
 E - 6 royal jellies


   Skills:
 * Level 13.2 Fighting
 * Level 11.5 Dodging
 * Level 12.2 Stealth
 * Level 12.7 Unarmed Combat
 * Level 11.5 Spellcasting
 + Level 3.7 Charms
 + Level 4.2 Translocations
 * Level 12.4 Transmutations
 + Level 8.1 Ice Magic
 + Level 3.4 Air Magic
 + Level 5.0 Earth Magic
 + Level 8.6 Poison Magic


You had 6 spell levels left.
You knew the following spells:

 Your Spells              Type           Power        Failure   Level  Hunger
a - Beastly Appendage     Tmut           #####.       5%          1    None
b - Spider Form           Tmut/Pois      #####.....   10%         3    None
c - Ice Form              Ice/Tmut       #####...     17%         4    ###....
d - Blade Hands           Tmut           #####.....   17%         5    #####..
e - Sticks to Snakes      Tmut           #####...     6%          2    None
f - Passwall              Tmut/Erth      ####......   11%         2    None
g - Swiftness             Chrm/Air       ###.....     24%         2    None
h - Passage of Golubria   Tloc           N/A          54%         4    ###....
i - Lee's Rapid Deconstr  Erth           ###.......   71%         5    #####..


Dungeon Overview and Level Annotations

Branches:
Dungeon (1/1)

Altars:
Ashenzari
Cheibriados
Dithmenos
Elyvilon
Fedhas
Gozag
Hepliaklqana
Kikubaaqudgha
Makhleb
Nemelex Xobeh
Okawaru
Qazlal
Ru
Sif Muna
Trog
Uskayaw
Vehumet
Wu Jian
Xom
Yredelemnul
Zin
The Shining One
Beogh
Jiyva
Lugonu

Annotations:
D exclusions: 11 doors and 9 more exclusions, Frances


Innate Abilities, Weirdness & Mutations

You can walk through water.
Your dull iron-grey scales are very hard. (AC +13)
You cannot fit into any form of body armour.
You can survive without breathing.
You are cold-blooded and may be slowed by cold attacks.
You can translocate small distances at will.
Your mind is acute. (Int +2)
Your flesh is heat resistant. (rF+)
You have an increased reservoir of magic. (+10% MP)
You passively map a small area around you.


Message History

The warg misses you.
Okay, then.
Unknown command.
Unknown command.
You aren't carrying any items that you can evoke.
Unknown command.
Unknown command.
Okay, then.
Unknown command.
Unknown command.
You feel very mighty all of a sudden.
You hear a shout!
The ghost moth stares at you. The ghost moth hits you!
* * * LOW HITPOINT WARNING * * *
The ghost moth closely misses you. The ghost moth misses you.
The ynoxinul misses you.
The daeva calls down the wrath of the Shining One upon you.
The Shining One smites you!
You die...

,, * ,,, ,, +.. , ,, ,,, , , +..
* * * * #.. * *
#######################.. ,
#....................''..
*#....................''.. ,
#..#######D########..##.. , ,
#..#* #h#A#%# * #..##.. , #..#
,#@#$#@#,* #..##.. , #..#
#3#y#Y#M# #..#### , #..# #o#
#Y#z#E# #..#### , ,, #..##t# *
#4#.#m#,#..##.[ **
#..################..##.#
#########....................##.#
______.##....................##.+
______.###########++###########.#
____...###########++###########.+


You could see a daeva, a death yak, a ghost moth (invisible), a ynoxinul, a
warg, an acid dragon and an orc.

Vanquished Creatures
  A bone dragon (D)
  A ghost moth (D)
  A vampire knight (D)
  A blizzard demon (D)
  A great orb of eyes (D)
  Harold (D)
  A spriggan air mage (D)
  A catoblepas (D)
  An anaconda (D)
  2 death yaks (D)
  A wizard (D)
  2 flayed ghosts (D)
  A phantasmal warrior (D)
  An orc knight (D)
  2 deep elf magi (D)
  A wolf spider (D)
  3 cyclopes (D)
  2 orange demons (D)
  A spiny frog (D)
  A molten gargoyle (D)
  An eye of devastation (D)
  A komodo dragon (D)
  A freezing wraith (D)
  A red devil (D)
  A troll (D)
  3 blink frogs (D)
  A bog body (D)
  3 flying skulls (D)
  A snapping turtle (D)
  A shadow (D)
  A wyvern (D)
  2 tarantellas (D)
  Eustachio (D)
  A wraith (D)
  A basilisk (D)
  A neqoxec (D)
  4 vampire mosquitoes (D)
  A large abomination (D)
  An acid dragon (D)
  A swamp drake (D)
  A water moccasin (D)
  An orc warrior (D)
  A black bear (D)
  2 ogres (D)
  A necrophage (D)
  A crocodile (D)
  3 wolves (D)
  A small abomination (D)
  A crimson imp (D)
  2 gnoll shamans (D)
  A jelly (D)
  A hell rat (D)
  12 gnolls (D)
  An adder (D)
  2 white imps (D)
  2 ufetubi (D)
  2 oozes (D)
  An adder skeleton (D)
  A leopard gecko (D)
  An orc (D)
  A bat skeleton (D)
  A bat zombie (D)
  2 hobgoblins (D)
  A ball python (D)
  A bat (D)
  A bat simulacrum (D)
  A frilled lizard (D)
  2 kobolds (D)
102 creatures vanquished.

Vanquished Creatures (others)
  A black bear (D)
1 creature vanquished.

Grand Total: 103 creatures vanquished

Notes
Turn   | Place    | Note
-------+----------+-------------------------------------------
     0 | D        | Kidiri the Draconian Transmuter began the quest for the Orb.
     0 | D        | Reached XP level 1. HP: 16/16 MP: 3/3
    19 | D        | Reached skill level 2 in Fighting
    19 | D        | Reached skill level 1 in Stealth
    19 | D        | Reached XP level 2. HP: 22/24 MP: 3/5
    50 | D        | Found a bloodstained altar of Trog.
    50 | D        | Found a deep blue altar of Sif Muna.
    50 | D        | Found a viscous altar of Jiyva.
    50 | D        | Found a hazy altar of Hepliaklqana.
    50 | D        | Found an opulent altar of Gozag.
    51 | D        | Found a glowing golden altar of the Shining One.
    51 | D        | Found a glowing silver altar of Zin.
    51 | D        | Found a basalt altar of Yredelemnul.
    51 | D        | Found a shimmering altar of Xom.
    51 | D        | Found an ornate altar of the Wu Jian Council.
    51 | D        | Found a sacrificial altar of Ru.
    51 | D        | Found a stormy altar of Qazlal.
    51 | D        | Found an iron altar of Okawaru.
    51 | D        | Found a sparkling altar of Nemelex Xobeh.
    51 | D        | Found a burning altar of Makhleb.
    51 | D        | Found a blossoming altar of Fedhas.
    51 | D        | Found a white marble altar of Elyvilon.
    51 | D        | Found a shadowy altar of Dithmenos.
    51 | D        | Found a snail-covered altar of Cheibriados.
    53 | D        | Found a radiant altar of Vehumet.
    53 | D        | Found a corrupted altar of Lugonu.
    53 | D        | Found a roughly hewn altar of Beogh.
    54 | D        | Found a hide-covered altar of Uskayaw.
    54 | D        | Found an ancient bone altar of Kikubaaqudgha.
    54 | D        | Found a shattered altar of Ashenzari.
    60 | D        | Became a worshipper of the Wu Jian Council
   287 | D        | Reached * piety under Wu Jian
   299 | D        | Reached XP level 3. HP: 30/30 MP: 4/7
   305 | D        | Learned a level 3 spell: Spider Form
   330 | D        | Noticed a flying skull
   346 | D        | Killed a flying skull
   346 | D        | Reached ** piety under Wu Jian
   346 | D        | Reached skill level 5 in Fighting
   346 | D        | Reached skill level 5 in Unarmed Combat
   346 | D        | Reached skill level 5 in Transmutations
   346 | D        | Reached XP level 4. HP: 35/42 MP: 5/10
   346 | D        | Reached XP level 5. HP: 40/48 MP: 5/11
   397 | D        | Learned a level 4 spell: Ice Form
   403 | D        | Learned a level 5 spell: Blade Hands
   468 | D        | Noticed a deep elf mage
   469 | D        | Noticed a flying skull
   471 | D        | Noticed a fire elemental
   473 | D        | Noticed a black bear
   474 | D        | Killed a black bear
   477 | D        | Noticed a fire elemental
   478 | D        | Noticed a fire elemental
   478 | D        | Killed a deep elf mage
   478 | D        | Reached skill level 6 in Fighting
   478 | D        | Reached skill level 5 in Dodging
   478 | D        | Reached skill level 5 in Stealth
   478 | D        | Reached skill level 5 in Spellcasting
   478 | D        | Reached XP level 6. HP: 51/58 MP: 9/14
   478 | D        | Your scales start taking on a dull iron-grey colour.
   478 | D        | Reached XP level 7. HP: 56/64 MP: 9/15
   478 | D        | Gained mutation: You can survive without breathing. [Grey Draconian growth]
   485 | D        | Reached *** piety under Wu Jian
   493 | D        | Killed a flying skull
   493 | D        | Reached skill level 7 in Fighting
   634 | D        | Reached **** piety under Wu Jian
   639 | D        | Noticed a flying skull
   642 | D        | Killed a flying skull
   642 | D        | Reached ***** piety under Wu Jian
   642 | D        | Reached XP level 8. HP: 73/73 MP: 12/17
   736 | D        | Gained mutation: You have large cloven feet. [potion of mutation]
   737 | D        | Lost mutation: You have large cloven feet. [potion of mutation]
   737 | D        | Gained mutation: Your flesh is heat resistant. (rF+) [potion of mutation]
   737 | D        | Gained mutation: Your mind is acute. (Int +2) [potion of mutation]
   795 | D        | Learned a level 2 spell: Sticks to Snakes
   847 | D        | Noticed a snapping turtle
   847 | D        | Noticed a blink frog
   847 | D        | Noticed a blink frog
   847 | D        | Noticed a blink frog
   852 | D        | Killed a blink frog
   852 | D        | Reached skill level 8 in Fighting
   852 | D        | Killed a blink frog
   853 | D        | Killed a snapping turtle
   853 | D        | Reached skill level 5 in Poison Magic
   853 | D        | Reached XP level 9. HP: 65/82 MP: 14/20
   935 | D        | Noticed a spiny frog
   937 | D        | Killed a spiny frog
   937 | D        | Reached skill level 9 in Fighting
   937 | D        | Noticed a molten gargoyle
   937 | D        | Killed a molten gargoyle
   986 | D        | Noticed a flayed ghost
   986 | D        | Noticed a troll
   987 | D        | Killed a flayed ghost
   987 | D        | Reached skill level 5 in Ice Magic
   995 | D        | Killed a troll
   995 | D        | Reached ****** piety under Wu Jian
  1083 | D        | Noticed Harold
  1088 | D        | Killed Harold
  1088 | D        | Reached skill level 10 in Fighting
  1088 | D        | Reached XP level 10. HP: 93/93 MP: 17/22
  1099 | D        | Noticed Eustachio
  1104 | D        | Noticed a cyclops
  1104 | D        | Reached skill level 10 in Unarmed Combat
  1107 | D        | Killed Eustachio
  1111 | D        | Killed a cyclops
  1112 | D        | Reached skill level 10 in Transmutations
  1341 | D        | Noticed a flayed ghost
  1342 | D        | Noticed an anaconda
  1350 | D        | Killed an anaconda
  1350 | D        | Reached skill level 10 in Stealth
  1353 | D        | Killed a flayed ghost
  1353 | D        | Reached skill level 11 in Fighting
  1558 | D        | Noticed an orc knight
  1560 | D        | Noticed an orange demon
  1560 | D        | Noticed a catoblepas
  1570 | D        | Killed an orc knight
  1570 | D        | Reached XP level 11. HP: 52/102 MP: 20/24
  1571 | D        | Killed a catoblepas
  1573 | D        | Reached skill level 10 in Dodging
  1573 | D        | Reached skill level 10 in Spellcasting
  1788 | D        | Learned a level 2 spell: Passwall
  1791 | D        | Learned a level 2 spell: Swiftness
  1796 | D        | Learned a level 4 spell: Passage of Golubria
  1802 | D        | Learned a level 5 spell: Lee's Rapid Deconstruction
  1854 | D        | Noticed a phantasmal warrior
  1865 | D        | Killed a phantasmal warrior
  1865 | D        | Reached skill level 1 in Translocations
  1865 | D        | Reached skill level 1 in Earth Magic
  1989 | D        | Reached skill level 1 in Charms
  1992 | D        | Reached skill level 12 in Fighting
  2169 | D        | Reached skill level 1 in Air Magic
  2175 | D        | Noticed a ghost moth
  2180 | D        | Killed a ghost moth
  2184 | D        | Gained mutation: You passively map a small area around you. [mutagenic meat]
  2185 | D        | Gained mutation: You can translocate small distances at will. [mutagenic meat]
  2186 | D        | Gained mutation: You have an increased reservoir of magic. (+10% MP) [mutagenic meat]
  2348 | D        | Noticed a vampire knight
  2353 | D        | Killed a vampire knight
  2366 | D        | Noticed a deep elf mage
  2368 | D        | Killed a deep elf mage
  2581 | D        | Noticed a bone dragon
  2581 | D        | Noticed a blizzard demon
  2581 | D        | Noticed a spriggan air mage
  2581 | D        | Noticed a wizard
  2581 | D        | Noticed a wolf spider
  2581 | D        | Noticed a death yak
  2588 | D        | Killed a spriggan air mage
  2591 | D        | Killed a wolf spider
  2597 | D        | Killed a bone dragon
  2597 | D        | Reached XP level 12. HP: 39/113 MP: 24/29
  2600 | D        | Killed a blizzard demon
  2600 | D        | Reached skill level 13 in Fighting
  2602 | D        | Killed a death yak
  2622 | D        | Got the ring of the King {MP+9 Slay+6}
  2628 | D        | Got the scarf of Experimentation {*Contam rElec rF++ Dex+8}
  2868 | D        | Noticed a daeva
  2868 | D        | Noticed Frances
  2868 | D        | Noticed a death yak
  2868 | D        | Noticed a mummy priest
  2870 | D        | Killed a death yak
  2870 | D        | Noticed a great orb of eyes
  2870 | D        | Noticed a death yak
  2870 | D        | Noticed a death cob
  2870 | D        | Noticed a ghost moth
  2870 | D        | Noticed a death yak
  2874 | D        | Killed a great orb of eyes
  2874 | D        | Reached skill level 5 in Earth Magic
  2879 | D        | Killed from afar by a daeva

Vault maps used:
D:        pitsprint

Skill      XL: |  1  2  3  4  5  6  7  8  9 10 11 12 |
---------------+-------------------------------------+-----
Fighting       | 2 5 6 7 8 10 11 12 13 | 13.2
Dodging        | 2 3 4 5 6 7 8 9 11 | 11.5
Stealth        | 1 2 4 5 6 7 9 10 11 12 | 12.2
Transmutations | 3 5 6 7 8 9 10 12 | 12.4
Spellcasting   | 3 4 5 6 7 8 9 11 | 11.5
Unarmed Combat | 5 6 7 8 9 10 12 | 12.7
Poison Magic   | 2 3 4 5 6 7 8 |  8.6
Ice Magic      | 2 3 4 5 6 7 8 |  8.1
Translocations | 3 4 |  4.2
Earth Magic    | 4 5 |  5.0
Charms         | 3 |  3.7
Air Magic      | 2 3 |  3.4

Action                   |  1- 3 |  4- 6 |  7- 9 | 10-12 || total
-------------------------+-------+-------+-------+-------++-------
Melee: Unarmed           |    39 |     9 |    75 |   135 ||   258
       Punch             |     1 |       |     2 |     5 ||     8
       Tailslap          |     5 |       |     2 |    14 ||    21
       Kick              |     3 |       |       |       ||     3
       Headbutt          |     1 |       |       |       ||     1
 Cast: Beastly Appendage |     5 |       |       |       ||     5
       Spider Form       |     1 |     1 |       |       ||     2
       Blade Hands       |       |       |     8 |    10 ||    18
       Swiftness         |       |       |       |     2 ||     2
Invok: Heavenly Storm    |       |       |     3 |     6 ||     9
       Serpent's Lash    |       |       |     2 |     5 ||     7
  Use: Potion            |     2 |       |     3 |     5 ||    10
 Stab: Sleeping          |       |     1 |     5 |     6 ||    12
  Eat: Chunk             |       |       |     3 |     5 ||     8
       Fruit             |       |       |       |    11 ||    11
Armor: Skin              |     1 |       |     7 |    23 ||    31
Dodge: Dodged            |    38 |     5 |    51 |    81 ||   175
